 Dungeon Crawl Stone Soup version 0.21.1-1-g345015fe64 (webtiles) character file.

347 Ludini the Changer (level 6, 0/47 HPs)
             Began as a Demonspawn Transmuter on Mar 2, 2018.
             Was an Initiate of Cheibriados.
             Slain by Mafu's ghost (5 damage)
             ... on level 4 of the Dungeon.
             The game lasted 00:09:41 (4698 turns).

Ludini the Changer (Demonspawn Transmuter)          Turns: 4698, Time: 00:09:42

Health: 0/47       AC:  5    Str: 11    XL:     6   Next: 33%
Magic:  9/9        EV: 12    Int: 18    God:    Cheibriados [......]
Gold:   134        SH:  0    Dex: 14    Spells: 5/9 levels left

rFire    + . .     SeeInvis .   o - +3 dagger (elec)
rCold    . . .     Gourm    .   (no shield)
rNeg     . . .     Faith    .   b - +1 robe
rPois    .         Spirit   .   (no helmet)
rElec    .         Reflect  .   h - scarf {repulsion}
rCorr    .         Harm     .   (no gloves)
MR       +....                  (no boots)
Stlth    +.........             (no amulet)
HPRegen  0.15/turn              r - +3 ring of slaying
MPRegen  0.11/turn              s - ring of protection from fire (curse)

@: repel missiles, very slow
A: hooves 1, iridescent scales 1, magic resistance 1, robust 1, rot immunity
a: Bend Time, Renounce Religion


You were on level 4 of the Dungeon.
You worshipped Cheibriados.
Cheibriados was noncommittal.
You were not hungry.

You visited 2 branches of the dungeon, and saw 5 of its levels.

You collected 134 gold pieces.

Inventory:

Hand Weapons
 e - the cursed +1 spear of Keifat {flame, rF++ rN+ Str+2 Dex-5}
   (You found it on level 4 of the Dungeon)

   It has been specially enchanted to burn those struck by it, causing extra
   injury to most foes and up to half again as much damage against particularly
   susceptible opponents.
   It affects your strength (+2).
   It affects your dexterity (-5).
   It greatly protects you from fire.
   It protects you from negative energy.
   It has a curse placed upon it.
 o - a +3 dagger of electrocution (weapon)
Missiles
 a - 54 arrows
Armour
 b - a +1 robe (worn)
 h - a scarf of repulsion (worn)
Jewellery
 r - a +3 ring of slaying (left hand)
 s - a cursed ring of protection from fire (right hand)
Scrolls
 g - 2 scrolls of enchant weapon
 i - a scroll of identify
 l - a scroll of amnesia
 p - a scroll of noise
Potions
 m - a potion of flight
Books
 c - a book of Changes

   Spells                             Type                      Level
   a - Beastly Appendage              Transmutation                1
   b - Sticks to Snakes               Transmutation                2
   c - Spider Form                    Transmutation/Poison         3
   d - Ice Form                       Ice/Transmutation            4
   e - Blade Hands                    Transmutation                5
Comestibles
 d - 4 rations
 f - a chunk of flesh


   Skills:
 - Level 1.0 Fighting
 - Level 1.7 Dodging
 + Level 0.9 Stealth
 - Level 2.6 Unarmed Combat
 + Level 2.2 Spellcasting
 * Level 5.5 Transmutations
 - Level 2.0 Poison Magic


You had 5 spell levels left.
You knew the following spells:

 Your Spells              Type           Power        Failure   Level  Hunger
a - Beastly Appendage     Tmut           ###...       1%          1    #......
b - Spider Form           Tmut/Pois      ###.......   11%         3    ###....


Dungeon Overview and Level Annotations

Branches:
Dungeon (4/15)             Temple (1/1) D:4

Altars:
Cheibriados
Elyvilon
Fedhas
Gozag
Hepliaklqana
Nemelex Xobeh
Qazlal
Ru
Vehumet
Yredelemnul
The Shining One

Annotations:
D:4 Mafu's ghost, amateur DDNe


Innate Abilities, Weirdness & Mutations

You have large cloven feet.
You are partially covered in iridescent scales. (AC +2)
You are immune to rotting.
You are resistant to hostile enchantments. (MR+)
You are robust. (+10% HP)


Message History

Mafu's ghost hits you.
* * * LOW HITPOINT WARNING * * *
You hit Mafu's ghost.
Mafu's ghost is heavily damaged.
Your transformation has ended.
Your +3 dagger of electrocution unmelds from your body.
Your scarf of repulsion unmelds from your body.
Your +1 robe unmelds from your body.
You hear the crackle of electricity.
You are surrounded by a repulsion field.
Mafu's ghost misses you.
You hit Mafu's ghost but do no damage. Lightning courses through Mafu's ghost!
Mafu's ghost is severely damaged.
Mafu's ghost hits you.
* * * LOW HITPOINT WARNING * * *
You barely miss Mafu's ghost. Your kick misses Mafu's ghost.
You punch Mafu's ghost, but do no damage.
Mafu's ghost is severely damaged.
Mafu's ghost hits you.
You die...

..# ##.# #.# #. ... #.#
#.# #. #.## #.. #.# ##
.. #..##.# #. #..##.#
#. #...#.# # ## #..#.#
#.+# #.#.# #.. #
#@#.#+##########.#
#..#W#...........##.#
.###.#.............##..
..W..........).....####
####.....####......####
....###..## #......##..
.#........###......##.#
#......>.'.+......'..#
.........###......#...


You could see Mafu's ghost.

Vanquished Creatures
  A phantom (D:4)
  A bullfrog skeleton (D:4)
  2 hound zombies
  6 gnolls (D:2)
  7 adders
  An ooze (D:1)
  2 worms
  2 dart slugs
  2 leopard geckos
  A ball python (D:1)
  8 giant cockroaches
  8 goblins
  9 hobgoblins
  A quokka (D:4)
  10 bats
  5 frilled lizards
  5 kobolds (D:1)
  A quokka skeleton (D:4)
  2 rats
74 creatures vanquished.

Notes
Turn   | Place    | Note
-------+----------+-------------------------------------------
     0 | D:1      | Ludini the Demonspawn Transmuter began the quest for the Orb.
     0 | D:1      | Reached XP level 1. HP: 15/15 MP: 3/3
    66 | D:1      | Reached skill level 2 in Transmutations
   484 | D:1      | Gained mutation: You are partially covered in iridescent scales. (AC +2) [demonic ancestry]
   484 | D:1      | Reached XP level 2. HP: 14/21 MP: 3/5
   733 | D:1      | Reached skill level 3 in Transmutations
   978 | D:1      | Reached XP level 3. HP: 25/26 MP: 4/6
  1482 | D:1      | Learned a level 3 spell: Spider Form
  1723 | D:2      | Reached skill level 1 in Poison Magic
  1727 | D:2      | Gained mutation: You are immune to rotting. [demonic ancestry]
  1727 | D:2      | Reached XP level 4. HP: 21/32 MP: 7/7
  2459 | D:2      | Found a radiant altar of Vehumet.
  2755 | D:2      | Reached skill level 4 in Transmutations
  3063 | D:2      | Gained mutation: You have large cloven feet. [demonic ancestry]
  3063 | D:2      | Reached XP level 5. HP: 20/37 MP: 2/8
  3431 | D:3      | Found a glowing golden altar of the Shining One.
  4011 | D:3      | Found a blossoming altar of Fedhas.
  4104 | D:3      | Gained mutation: You are resistant to hostile enchantments. (MR+) [potion of mutation]
  4104 | D:3      | Gained mutation: You are robust. (+10% HP) [potion of mutation]
  4168 | D:4      | Reached skill level 5 in Transmutations
  4291 | D:4      | Found a staircase to the Ecumenical Temple.
  4345 | D:4      | Got a fine spear
  4346 | D:4      | Identified the cursed +1 spear of Keifat {flame, rF++ rN+ Str+2 Dex-5} (You found it on level 4 of the Dungeon)
  4351 | D:4      | Noticed a phantom
  4368 | D:4      | Killed a phantom
  4368 | D:4      | Reached XP level 6. HP: 23/47 MP: 6/9
  4539 | Temple   | Entered the Ecumenical Temple
  4551 | Temple   | Became a worshipper of Cheibriados the Contemplative
  4666 | D:4      | Noticed Mafu's ghost (amateur DDNe)
  4698 | D:4      | Slain by Mafu's ghost

Skill      XL: |  1  2  3  4  5 |
---------------+----------------+-----
Transmutations | 2 3 4 5 |  5.5
Poison Magic   | 1 2 |  2.0
Fighting       | |  1.0
Dodging        | |  1.7
Stealth        | |  0.9
Unarmed Combat | |  2.6
Spellcasting   | |  2.2

Action                   |  1- 3 |  4- 6 || total
-------------------------+-------+-------++-------
Melee: Club              |    17 |       ||    17
       Unarmed           |     8 |    86 ||    94
       Kick              |    13 |     9 ||    22
       Whip              |   107 |    11 ||   118
       Headbutt          |     8 |     6 ||    14
       Punch             |     1 |     2 ||     3
       Dagger            |       |    67 ||    67
 Cast: Beastly Appendage |    19 |    11 ||    30
       Spider Form       |       |    10 ||    10
  Use: Scroll            |       |    10 ||    10
       Potion            |       |     8 ||     8
 Stab: Sleeping          |     1 |       ||     1
  Eat: Chunk             |     2 |    12 ||    14
Armor: Robe              |    40 |    24 ||    64
       Skin              |       |     4 ||     4
Dodge: Dodged            |    99 |   108 ||   207
